AoeStats
← umut.hsn

Arena

510562495Analyzed
4v4 RM · 1d ago on Oct 1, 2026· 53m 32s· 8 players
Game mode
Random Map
Map size
Large (8 player)
Population
200
Speed
Normal
Resources
Standard
Victory
Conquest
Starting age
Dark Age
Ending age
Imperial Age
RankedLock teamsTeams togetherTeam positionsShared explorationLock speedFull tech treeHidden civsTurbo modeCheats
Victory
Defeat
🇪🇸 Vikings · Spain
922
+9
🇳🇴 Shu · Norway
901
+10
🇪🇸 Saracens · Spain
895
+10
🇵🇰 Poles · Pakistan
690
+19
🇩🇪 Huns · Germany
861
-16
🇹🇷 Byzantines · Türkiye
762
-12
🇨🇳 Chinese · China
757
-12
🇹🇷 Malay · Türkiye
653
-8
Sphere Of Light
0:32 Loom
11:43 Feudal Age
16:44 Castle Age
15:08 Double-Bit Axe
16:05 Horse Collar
21:40 Fletching
26:55 Wheelbarrow
26:23 Bodkin Arrow
29:20 Bloodlines
34:59 Heavy Plow
35:12 Bow Saw
41:08 Pikeman
41:49 Squires
43:00 Hand Cart
45:48 Imperial Age
46:22 Halberdier
Ruhi TIĞLI
0:55 Loom
15:23 Feudal Age
14:57 Horse Collar
15:03 Double-Bit Axe
18:56 Gold Mining
18:56 Stone Mining
24:25 Castle Age
25:02 Wheelbarrow
24:40 Bow Saw
24:55 Heavy Plow
25:49 Gold Shaft Mining
25:49 Stone Shaft Mining
31:38 Stone Shaft Mining
34:29 Imperial Age
32:21 Hand Cart
33:00 Caravan
34:52 Forging
36:25 Chemistry
35:50 Ballistics
35:36 Siege Engineers
35:40 Pikeman
36:20 Squires
36:07 Arson
36:49 Squires
36:17 Halberdier
38:29 Iron Casting
38:00 Treadmill Crane
40:29 Blast Furnace
41:27 Conscription
41:58 Masonry
41:44 Murder Holes
48:47 Crop Rotation
umut.hsn
10:21 Feudal Age
11:48 Double-Bit Axe
17:01 Loom
19:39 Castle Age
18:08 Horse Collar
19:43 Gold Mining
22:46 Heavy Plow
23:01 Bow Saw
27:40 Stone Mining
30:03 Wheelbarrow
30:28 Gold Shaft Mining
30:29 Stone Shaft Mining
31:33 Scale Mail Armor
31:44 Forging
31:40 Scale Barding Armor
32:46 Hand Cart
33:00 Husbandry
37:49 Imperial Age
38:18 Chain Barding Armor
38:34 Iron Casting
38:04 Murder Holes
38:20 Fortified Wall
40:17 Two-Man Saw
39:50 Crop Rotation
38:57 Cavalier
40:14 Plate Barding Armor
39:03 Elite Cataphract
40:25 Hoardings
40:13 Conscription
40:58 Logistica
41:21 Paladin
46:07 Caravan
zgjxdanny
0:29 Loom
12:30 Feudal Age
19:20 Castle Age
18:30 Man-at-Arms
23:49 Double-Bit Axe
24:34 Gold Mining
24:39 Stone Mining
26:07 Fletching
26:26 Scale Barding Armor
26:21 Padded Archer Armor
26:01 Pikeman
27:44 Fortified Wall
28:26 Wheelbarrow
28:40 Gold Shaft Mining
29:51 Masonry
32:10 Bloodlines
33:57 Forging
33:48 Scale Mail Armor
33:44 Bodkin Arrow
34:04 Leather Archer Armor
34:10 Chain Barding Armor
40:40 Imperial Age
39:02 Husbandry
38:24 Light Cavalry
40:02 Stone Shaft Mining
39:48 Hand Cart
Warmommy
2:06 Loom
11:50 Feudal Age
12:16 Double-Bit Axe
12:32 Gold Mining
15:53 Horse Collar
18:12 Stone Mining
21:35 Castle Age
19:43 Scale Mail Armor
20:59 Wheelbarrow
22:29 Bow Saw
23:00 Gold Shaft Mining
22:29 Heavy Plow
22:27 Pikeman
23:08 Squires
24:06 Hand Cart
23:55 Elite Skirmisher
25:42 Caravan
27:12 Thumb Ring
27:31 Fletching
27:42 Padded Archer Armor
28:17 Town Watch
28:47 Bodkin Arrow
30:06 Leather Archer Armor
32:27 Coiled Serpent Array
33:49 Arson
34:43 Forging
34:48 Chain Mail Armor
38:32 Imperial Age
36:06 Town Patrol
38:57 Fortified Wall
38:44 Murder Holes
38:35 Capped Ram
38:47 Elite White Feather Guard
39:49 Conscription
40:09 Bolt Magazine
41:49 Two-Man Saw
41:59 Chemistry
41:03 Bracer
41:21 Halberdier
41:31 Siege Ram
Bolty
12:55 Feudal Age
18:04 Castle Age
20:39 Double-Bit Axe
21:55 Horse Collar
25:24 Wheelbarrow
28:54 Imperial Age
27:31 Heavy Plow
28:24 Bow Saw
30:36 Chemistry
30:41 Forging
31:00 Gold Mining
33:13 Gold Shaft Mining
36:25 Two-Man Saw
35:18 Stone Mining
36:26 Iron Casting
35:57 Scale Barding Armor
36:44 Fortified Wall
36:36 Elite Mameluke
37:37 Conscription
40:23 Caravan
44:25 Man-at-Arms
45:06 Squires
44:51 Arson
45:23 Long Swordsman
47:36 Blast Furnace
46:56 Chain Barding Armor
46:23 Two-Handed Swordsman
47:05 Champion
49:40 Scale Mail Armor
50:16 Plate Barding Armor
51:37 Masonry
51:33 Siege Engineers
51:23 Murder Holes
51:49 Ballistics
51:19 Guard Tower
51:15 Arrowslits
51:35 Siphons
51:41 Clinker Construction
51:41 Careening
52:07 Chain Mail Armor
51:52 Padded Archer Armor
51:43 Fletching
51:51 Town Watch
52:30 Hand Cart
52:03 Loom
53:31 Bimaristan
53:56 Hoardings
53:00 Heavy Camel Rider
53:13 Heavy Cavalry Archer
53:13 Elite Skirmisher
53:14 Crossbowman
KIK 9
12:57 Feudal Age
13:28 Horse Collar
13:36 Double-Bit Axe
13:21 Man-at-Arms
13:48 Arson
22:17 Forging
22:08 Scale Mail Armor
22:24 Fletching
26:06 Castle Age
25:08 Gold Mining
25:14 Stone Mining
25:49 Padded Archer Armor
27:37 Heavy Plow
28:26 Squires
27:58 Long Swordsman
29:07 Bodkin Arrow
29:28 Chain Mail Armor
29:49 Iron Casting
29:31 Leather Archer Armor
32:41 Bow Saw
36:39 Imperial Age
34:36 Elite Skirmisher
36:44 Fortified Wall
36:30 Murder Holes
36:16 Treadmill Crane
36:57 Ballistics
36:48 Masonry
37:02 Capped Ram
37:08 Two-Handed Swordsman
39:52 Conscription
41:01 Chieftains
42:09 Bogsveigar
43:33 Gold Shaft Mining
44:02 Chemistry
45:10 Elite Berserk
50:08 Crop Rotation
50:42 Two-Man Saw
50:19 Architecture
50:54 Blast Furnace
51:02 Plate Mail Armor
mrbeast2mrbeast2
10:45 Feudal Age
11:43 Loom
11:46 Horse Collar
11:53 Double-Bit Axe
13:51 Wheelbarrow
14:33 Gold Mining
20:37 Castle Age
21:49 Husbandry
26:22 Scale Barding Armor
26:28 Forging
31:17 Hand Cart
38:40 Szlachta Privileges
41:51 Imperial Age
41:59 Imperial Age
42:21 Capped Ram
43:29 Chain Barding Armor
43:45 Iron Casting
42:38 Cavalier
43:50 Lechitic Legacy
47:06 Blast Furnace
Connection lost

Rejoining the realm…

Still unreachable

The connection could not be restored.

Session expired

The server has moved on; the page needs a fresh start.